Unix NetHack Version 3.7.0-59 Work-in-progress - last build May 23 2022 02:51:17 (ddf30d9136aadac28f3366ca30c6f791342be2c5,branch:master). Game began 2022-05-23 09:15:26, ended 2022-05-23 09:28:14. elenmirie, neutral female gnomish Healer .--- ... . { . . . ---..@ |..i@. -....f ...|... # #....-..| -.........| ............| -... --- -..| |.... |<.. --- Elenmirie the Rhizotomist St:9 Dx:9 Co:16 In:10 Wi:15 Ch:17 Neutral Dlvl:5 $:2025 HP:0(25) Pw:5(5) AC:7 Xp:1/0 T:1487 Latest messages: You materialize in a different location! You hit the grid bug. The grid bug misses! The grid bug bites! You get zapped! You descend the stairs. You hear some noises in the distance. You hear some noises in the distance. You hear some noises. You miss the quasit. The quasit hits! The quasit hits! The quasit bites! The quasit hits! The quasit hits! The quasit bites! Pick an object. The quasit hits! The quasit hits! The quasit bites! What do you want to drink? [dfmsC or ?*] ? You feel much better. You miss the quasit. The quasit hits! The quasit's sting was poisoned! The poison doesn't seem to affect you. The quasit hits! The quasit bites! You miss the quasit. The quasit hits! The quasit hits! The quasit bites! You miss the quasit. The quasit hits! The quasit hits! The quasit bites! The quasit hits! The quasit just misses! The quasit bites! The quasit hits! The quasit hits! The quasit bites! The quasit hits! The quasit hits! You die... Do you want your possessions identified? [ynq] (y) y Do you want to see your attributes? [ynq] (y) y Do you want an account of creatures vanquished? [ynaq] (y) y Do you want to see your conduct and achievements? [ynq] (y) y Do you want to see the dungeon overview? [ynq] (y) y Major events: Turn 1: elenmirie the neutral female gnomish Healer entered the dungeon 588: entered the Gnomish Mines 1487: killed by a quasit Inventory: Coins $ - 2025 gold pieces Weapons p - 2 uncursed +0 orcish daggers a - a blessed +0 scalpel (weapon in hand) Armor r - a blessed +0 orcish helm (being worn) b - an uncursed +1 pair of leather gloves (being worn) Comestibles F - an uncursed beneficial tonic l - 3 uncursed apples o - an uncursed tripe ration Spellbooks A - an uncursed spellbook of cure sickness z - an uncursed spellbook of drain life j - a blessed spellbook of extra healing i - a blessed spellbook of healing k - a blessed spellbook of stone to flesh Potions m - an uncursed potion of booze f - an uncursed potion of extra healing s - a cursed potion of hallucination d - 2 uncursed potions of healing C - a cursed potion of healing Rings B - a blessed +1 ring of increase accuracy q - an uncursed ring of see invisible Wands h - an uncursed wand of sleep (0:7) D - an uncursed wand of speed monster (0:3) E - an uncursed wand of undead turning (0:4) Tools v - an uncursed +0 pick-axe c - an uncursed stethoscope n - an uncursed stethoscope w - a cursed tallow candle Elenmirie the Healer's attributes: Background: You were a Rhizotomist, a level 1 female gnomish Healer. You were neutral, nominally on a mission for Hermes who was opposed by Athena (lawful) and Poseidon (chaotic). You were in the Gnomish Mines, on level 5. You entered the dungeon 1487 turns ago. You had 0 experience points, 20 were needed to attain level 2. Basics: You had 0 out of 25 hit points. You had all 5 energy points (spell power). Your armor class was 7. Your wallet contained 2025 zorkmids. Autopickup was on for '$' plus thrown. Final Characteristics: Your strength was 9 (limit:18/50). Your dexterity was 9 (limit:18). Your constitution was 16 (limit:18). Your intelligence was 10 (limit:19). Your wisdom was 15 (limit:18). Your charisma was 17 (limit:18). Final Status: You were not hungry. You were unencumbered. You were wielding a knife. You had basic skill with knife. Final Attributes: You were fervently aligned. You were poison resistant. You had infravision. You were fast. You are dead. Miscellaneous: You encountered 1 bones level. Total elapsed playing time was 12 minutes and 46 seconds. Vanquished creatures: a dwarf a green mold 5 gnomes 2 gnome zombies 2 geckos 3 jackals 2 foxes 3 goblins a sewer rat a grid bug 2 bats 3 lichens 5 newts 31 creatures vanquished. No species were genocided or became extinct. Voluntary challenges: You followed a strict vegan diet. You were an atheist. You were a pacifist. You were illiterate. You never engraved Elbereth. You never genocided any monsters. You never polymorphed an object. You never changed form. You used no wishes. Achievement: You entered the Gnomish Mines. The Dungeons of Doom: levels 1 to 2 Level 1: A sink. Level 2: A fountain. Stairs down to The Gnomish Mines. The Gnomish Mines: levels 3 to 5 Level 3: Level 4: Level 5: <- You were here. A fountain. Final resting place for you, killed by a quasit, elenmirie-Hea-Gno-Fem-Neu, killed by touching Stormbringer, MoonPig-Val-Dwa-Fem-Law, killed by a quasit, nabru-Wiz-Elf-Fem-Cha, killed by a human mummy, MoonPig-Rog-Orc-Fem-Cha, killed by a human mummy. Game over: ---------- / \ / REST \ / IN \ / PEACE \ / \ | elenmirie | | 2025 Au | | killed by a | | quasit | | | | | | 2022 | *| * * * | * _________)/\\_//(\/(/\)/\//\/|_)_______ Goodbye elenmirie the Healer... You died in The Gnomish Mines on dungeon level 5 with 241 points, and 2025 pieces of gold, after 1487 moves. You were level 1 with a maximum of 25 hit points when you died.